 Dungeon Crawl Stone Soup version 0.29.1-15-g9cfb28693d (webtiles) character file.

Game seed: 8292329097165728465

675 tizbic2 the Shooter (level 7, -9/56 HPs)
             Began as a Formicid Hunter on Apr 23, 2023.
             Was an Initiate of Cheibriados.
             Killed by divine providence
             ... invoked by an orc priest
              (15 damage)
             ... on level 6 of the Dungeon.
             The game lasted 00:13:53 (3765 turns).

tizbic2 the Shooter (Formicid Hunter)               Turns: 3765, Time: 00:13:53

Health: -9/56      AC:  5    Str: 16    XL:     7   Next: 91%
Magic:  7/7        EV: 15    Int: 10    God:    Cheibriados [......]
Gold:   282        SH:  0    Dex: 20    Spells: 6/6 levels left

rFire   . . .      SeeInvis +   w - +0 shortbow
rCold   . . .      Faith    .   (no shield)
rNeg    + . .      Spirit   .   s - +0 ring mail
rPois   .          Reflect  .   (helmet unavailable)
rElec   .          Harm     .   (no cloak)
rCorr   .          Rampage  .   (no gloves)
Will    .....                   (no boots)
Stlth   +.........              (no amulet)
HPRegen 0.18/turn               o - +4 ring of evasion
MPRegen 0.10/turn               p - ring of positive energy

@: very slow
A: permanent stasis, dig shafts and tunnels, antennae 3, four strong arms
a: Dig, Shaft Self, Renounce Religion


You were on level 6 of the Dungeon.
You worshipped Cheibriados.
Cheibriados was noncommittal.
You visited 2 branches of the dungeon, and saw 7 of its levels.

You collected 282 gold pieces.

Inventory:

Hand Weapons
 a - a +2 vorpal long sword
 c - a +0 giant spiked club
 d - a +0 giant club
 w - a +0 shortbow (weapon)
Armour
 s - a +0 ring mail (worn)
Jewellery
 o - a +4 ring of evasion (left hand)
 p - a ring of positive energy (right hand)
Scrolls
 b - 2 scrolls of immolation
 e - 2 scrolls of torment {unknown}
 f - a scroll of brand weapon {unknown}
 g - a scroll of enchant weapon {unknown}
 j - a scroll of enchant armour {unknown}
 l - a scroll of butterflies {unknown}
 m - a scroll of silence {unknown}
 n - a scroll of poison {unknown}
 r - a scroll of teleportation {unknown}
Potions
 h - 4 potions of curing {unknown}
 i - a potion of resistance
 k - a potion of might


   Skills:
 + Level 5.3 Fighting
 * Level 7.6 Ranged Weapons
 - Level 1.8 Dodging
 - Level 1.3 Stealth
 + Level 1.1 Invocations


You had 6 spell levels left.
You didn't know any spells.
Your spell library contained the following spells:

 Spells                   Type           Power      Damage    Failure   Level
 Foxfire                  Conj/Fire      0%         2x1d4     58%         1
 Sandblast                Erth           0%         2d4       58%         1
 Passwall                 Tmut/Erth      0%         N/A       73%         2
 Conjure Flame            Conj/Fire      0%         6-21      91%         3
 Inner Flame              Hex/Fire       0%         N/A       91%         3
 Stone Arrow              Conj/Erth      0%         3d7       91%         3
 Flame Wave               Conj/Fire      0%         2d4       100%        4


Dungeon Overview and Level Annotations

Branches:
Dungeon (7/15)             Temple (1/1) D:7

Altars:
Cheibriados
Elyvilon
Fedhas
Hepliaklqana
Kikubaaqudgha
Makhleb
Nemelex Xobeh
Okawaru
Qazlal
Uskayaw
Vehumet
Xom
Yredelemnul
The Shining One


Innate Abilities, Weirdness & Mutations

You cannot be hasted, slowed, berserked, paralysed or teleported.
You can dig through walls and to a lower floor.
You have a pair of large antennae on your head. (SInv)
Your four strong arms can wield two-handed weapons with a shield.


Message History

An orc priest comes into view. It is wielding a +2 vorpal hand axe.
The teleport trap disappears.
The phantom disappears!
Fire: w) +0 shortbow
Press: ? - help, Q - select action, (/) - cycle Shift-Dir - straight line, f/p - orc priest
Aim: an orc priest, wielding a +0 war axe and wearing a +0 ring mail (70% to hit)
You shoot an arrow. The arrow barely misses the orc priest.
The orc priest shouts!
The arrow hits the orc!
You kill the orc!
Cheibriados thoroughly appreciates the change of pace.
An orc priest comes into view. It is wielding a +0 dagger.
The orc priest calls down the wrath of Beogh upon you.
Beogh smites you!
The orc priest miscasts a cantrip.
The orc priest calls down the wrath of Beogh upon you.
Beogh smites you!
Fire: w) +0 shortbow
Press: ? - help, Q - select action, (/) - cycle Shift-Dir - straight line, f - orc priest, p - orc priest
Aim: an orc priest, wielding a +0 dagger (67% to hit)
You shoot an arrow. The arrow hits the orc priest!
The orc priest is almost dead.
The orc priest invokes the aid of Beogh against you.
Beogh smites you!
* * * LOW HITPOINT WARNING * * *
Fire: w) +0 shortbow
Press: ? - help, Q - select action, (/) - cycle Shift-Dir - straight line, f/p - orc priest
Aim: an orc priest, wielding a +0 dagger (67% to hit)
You shoot an arrow. The arrow hits the orc priest.
The orc priest is almost dead.
The orc priest mumbles some strange prayers to Beogh against you.
Pain shoots through your body!
* * * LOW HITPOINT WARNING * * *
The orc priest drinks a potion.
The orc priest flickers and vanishes for a moment.
The orc priest invokes the aid of Beogh against you.
Pain shoots through your body!
* * * LOW HITPOINT WARNING * * *
The orc priest mumbles some strange prayers to Beogh against you.
Beogh smites you!
You die...

#.# #.# #.#
#.# . #.# .).
#.#
.oooo####.###
{#........#
#..###@#.# #.
#.#.# # #.#.#
#.#.# #.#.#
###.#.#
#.....# {
#.#.#.# #
#.###


You could see 3 orc priests.

Vanquished Creatures
  2 ogres
  A bullfrog (D:7)
  3 orc priests
  Natasha (thrice) (D:2)
  An iguana (D:4)
  7 gnolls
  8 adders
  A white imp (D:4)
  An ufetubus (D:7)
  2 worms (D:2)
  13 orcs
  7 endoplasms
  2 giant cockroaches (D:1)
  4 goblins
  4 hobgoblins
  5 jackals
  4 quokkas
  10 ball pythons
  5 bats
  8 frilled lizards
  8 kobolds
  2 rats (D:2)
101 creatures vanquished.

Notes
Turn   | Place    | Note
-------+----------+-------------------------------------------
     0 | D:1      | tizbic2 the Formicid Hunter began the quest for the Orb.
     0 | D:1      | Reached XP level 1. HP: 16/16 MP: 1/1
   173 | D:1      | Reached XP level 2. HP: 23/23 MP: 2/2
   358 | D:1      | Reached XP level 3. HP: 23/28 MP: 3/3
   709 | D:2      | Noticed Natasha
   726 | D:2      | Killed Natasha
   726 | D:2      | Noticed Natasha
   727 | D:2      | Reached skill level 5 in Ranged Weapons
   727 | D:2      | Reached XP level 4. HP: 29/35 MP: 4/4
   733 | D:2      | Killed Natasha
   998 | D:2      | Reached XP level 5. HP: 30/41 MP: 5/5
  1012 | D:2      | Noticed Natasha
  1017 | D:2      | Killed Natasha
  1322 | D:2      | Reached skill level 6 in Ranged Weapons
  1322 | D:2      | Reached XP level 6. HP: 25/48 MP: 6/6
  2083 | D:3      | Noticed an ogre
  2099 | D:3      | Killed an ogre
  2345 | D:3      | Found a white marble altar of Elyvilon.
  2348 | D:3      | Found a glowing golden altar of the Shining One.
  2442 | D:3      | Reached XP level 7. HP: 55/55 MP: 7/7
  2845 | D:4      | Reached skill level 7 in Ranged Weapons
  2853 | D:4      | Reached skill level 5 in Fighting
  3372 | D:4      | You fall into a shaft and drop 3 floors!
  3383 | D:6      | Noticed a hornet
  3383 | D:6      | Noticed a water moccasin
  3415 | D:7      | Found a staircase to the Ecumenical Temple.
  3425 | Temple   | Entered the Ecumenical Temple
  3483 | Temple   | Became a worshipper of Cheibriados the Contemplative
  3613 | D:6      | Reached skill level 1 in Invocations
  3765 | D:6      | Killed from afar by an orc priest

Illustrated notes

Levels and vault maps discovered:
D:1:      pf_arrival_petrified_forest, layout_loops_ring
D:2:      layout_rooms, minmay_tromino_v4_a, uniq_natasha
D:3:      layout_loops_corners, nicolae_overflow_squiral
D:4:      layout_rooms, amcnicky_mini_corridor_feature
D:6:      layout_basic, lemuel_tele_altar, nicolae_overflow_crystal_walls,
          general_overflow_altar, portal_sewer_entry_c, st_stairs_1
D:7:      layout_loops_cross, marbit_many_paths,
          minmay_temple_entry_sparse_star, enter_bailey_3
Temple:   nicolae_temple_x_marks_the_god

Skill      XL: |  1  2  3  4  5  6  7 |
---------------+----------------------+-----
Fighting       | 3 4 5 |  5.3
Ranged Weapons | 5 6 7 |  7.6
Invocations    | 1 |  1.1
Dodging        | |  1.8
Stealth        | |  1.3

Action                   |  1- 3 |  4- 6 |  7- 9 || total
-------------------------+-------+-------+-------++-------
Melee: Long sword        |       |    10 |    36 ||    46
       Giant club        |       |       |     2 ||     2
       Punch             |       |       |     1 ||     1
 Fire: Shortbow          |    59 |   139 |    53 ||   251
 Abil: Dig               |       |     2 |     1 ||     3
       Shaft Self        |       |       |     1 ||     1
  Use: Scroll            |       |     4 |       ||     4
Armor: Leather armour    |     8 |    20 |       ||    28
       Ring mail         |       |     2 |    14 ||    16
Dodge: Dodged            |    29 |    90 |    51 ||   170
